Map: 옥사이드 - 래더

Players

Zoun - Winner!

  • Race: Protoss Protoss
  • Spawn Location: 7:00

Scarlett

  • Race: Zerg Zerg
  • Spawn Location: 1:00

Event: StayAtHome Story Cup #3

VOD

Have the link to the VOD?

Description

Time

  • Played on: March 11, 2021, 7:56 a.m.
  • Length: 16:47

All games in this series

Show
View Real Time Build Order
Export as new Build Order

Zoun Protoss - Winner!

Build Orders: 1 Gate Expand, Oracle Opening 

Get SALT Encoding   

  12  0:00  Probe  
  13  0:12  Probe  
  14  0:19  Pylon  
  14  0:24  Probe  
  15  0:37  Probe (Chrono Boost)  
  15  0:40  Gateway  
  16  0:46  Probe (Chrono Boost)  
  16  0:49  Assimilator  
  17  0:51  Probe (Chrono Boost)  
  18  1:03  Probe  
  19  1:15  Probe  
  20  1:25  Nexus  
  20  1:35  Cybernetics Core  
  20  1:37  Probe  
  21  1:44  Assimilator  
  21  1:50  Probe  
  21  1:53  Pylon  
  22  2:02  Probe  
  23  2:09  Stalker (Chrono Boost)  
  23  2:12  Warp Gate  
  23  2:14  Probe  
  26  2:26  Probe  
  27  2:37  Stargate  
  27  2:39  Probe x2 (Chrono Boost)  
  27  2:42  Adept  
  31  2:48  Probe x2 (Chrono Boost)  
  33  2:53  Probe x2 (Chrono Boost)  
  35  3:05  Probe x2  
  37  3:13  Gateway  
  37  3:17  Probe x2, Oracle (Chrono Boost)  
  42  3:29  Probe x2, Pylon  
  44  3:39  Void Ray (Chrono Boost)  
  44  3:41  Probe  
  44  3:47  Probe  
  50  3:52  Nexus  
  50  3:53  Probe  
  51  3:58  Pylon  
  51  4:00  Probe  
  52  4:03  Twilight Council  
  52  4:05  Probe  
  53  4:10  Assimilator  
  53  4:12  Probe  
  53  4:13  Assimilator  
  54  4:17  Probe  
  55  4:24  Probe  
  55  4:25  Gateway  
  55  4:26  Gateway  
  55  4:27  Shield Battery  
  55  4:29  Probe  
  57  4:33  Adept x2  
  57  4:35  Resonating Glaives (Chrono Boost)  
  61  4:41  Gateway  
  61  4:43  Probe  
  62  4:50  Pylon  
  62  4:53  Pylon  
  62  4:55  Gateway  
  62  5:00  Robotics Facility  
  62  5:03  Probe  
  62  5:05  Probe  
  64  5:10  Adept  
  64  5:11  Probe, Adept  
  69  5:15  Probe  
  69  5:17  Probe  
  69  5:20  Shield Battery  
  71  5:28  Shield Battery  
  71  5:29  Adept  
  71  5:30  Adept  
  71  5:31  Shield Battery, Adept  
  77  5:35  Adept x2  
  81  5:42  Shield Battery  
  81  5:43  Shield Battery  
  81  5:46  Pylon  
  81  5:52  Adept x2  
  81  5:53  Adept  
  81  5:55  Sentry  
  81  5:56  Sentry  
  91  5:57  Sentry  
  93  6:04  Shield Battery  
  93  6:09  Immortal (Chrono Boost)  
  97  6:13  Adept x2  
  101  6:25  Pylon  
  101  6:27  Pylon  
  101  6:33  Pylon x2  
  101  6:43  Probe x3, Immortal  
  104  6:47  Adept x2  
  104  6:50  Sentry x3  
  114  6:55  Probe x3  
  114  6:58  Adept  
  111  7:08  Probe x3  
  108  7:10  Adept  
  108  7:14  Adept x2  
  108  7:20  Probe x3, Adept  
  108  7:22  Immortal, Sentry x2  
  114  7:28  Assimilator x2  
  116  7:32  Probe x2  
  116  7:34  Adept x3  
  112  7:41  Probe  
  101  7:44  Probe x2  
  101  7:45  Adept x2  
  101  7:54  Robotics Bay  
  101  7:55  Gateway  
  101  7:57  Gateway, Adept x2  
  107  8:02  Observer  
  104  8:09  Adept x2  
  104  8:11  Stalker x2  
  112  8:16  Pylon  
  112  8:17  Pylon  
  112  8:32  Forge  
  112  8:37  Stalker x6  
  118  8:42  Colossus (Chrono Boost)  
  118  8:47  Pylon  
  124  8:54  Probe  
  125  8:57  Blink (Chrono Boost)  
  125  8:58  Extended Thermal Lance (Chrono Boost)  
  125  9:08  Nexus  
  121  9:10  Pylon  
  121  9:14  Stalker x3  
  121  9:15  Pylon  
  127  9:23  Robotics Facility  
  127  9:24  Observer  
  127  9:31  Shield Battery, Stalker x3  
  127  9:32  Stalker x2  
  127  9:33  Protoss Ground Weapons Level 1 (Chrono Boost)  
  127  9:37  Photon Cannon  
  137  9:45  Photon Cannon  
  137  9:48  Photon Cannon  
  137  9:50  Shield Battery  
  137  9:53  Stalker x3  
  146  10:00  Disruptor (Chrono Boost)  
  144  10:08  Observer  
  144  10:11  Pylon  
  144  10:15  Photon Cannon  
  144  10:16  Colossus (Chrono Boost)  
  144  10:17  Photon Cannon  
  144  10:19  Observer, Shield Battery  
  150  10:28  Photon Cannon  
  150  10:30  Photon Cannon  
  150  10:32  Colossus (Chrono Boost)  
  156  10:40  Assimilator x2  
  156  10:45  Pylon  
  156  11:00  Photon Cannon  
  156  11:02  Photon Cannon  
  156  11:03  Stalker x6  
  167  11:17  Gateway  
  167  11:18  Stalker x2  
  167  11:19  Gateway  
  167  11:22  Templar Archives, Photon Cannon  
  167  11:24  Photon Cannon  
  167  11:25  Colossus (Chrono Boost)  
  171  11:27  Observer  
  168  11:38  Stalker x5  
  172  11:42  Protoss Ground Weapons Level 2 (Chrono Boost)  
  172  11:44  Charge  
  172  11:48  Probe x2, Disruptor (Chrono Boost)  
  177  11:57  Zealot  
  177  11:58  Zealot  
  181  12:20  Zealot x5  
  181  12:21  Zealot x3  
  197  12:29  Photon Cannon  
  197  12:31  Templar Archives  
  197  12:36  Disruptor  
  196  12:47  Zealot  
  198  12:56  Nexus  
  198  12:58  Pylon  
  196  13:08  Immortal  
  196  13:09  Psionic Storm  
  196  13:12  Pylon  
  186  13:22  Observer  
  186  13:30  High Templar x4  
  186  13:33  Photon Cannon  
  194  13:35  Photon Cannon  
  194  13:36  Gateway  
  194  13:43  Photon Cannon  
  194  13:44  Photon Cannon  
  194  13:45  Observer  
  194  13:46  Photon Cannon  
  194  13:47  Photon Cannon, Zealot  
  194  13:48  Zealot x2  
  199  13:49  Shield Battery  
  199  13:50  Pylon  
  199  13:56  Protoss Ground Weapons Level 3 (Chrono Boost)  
  199  13:57  Photon Cannon x2  
  199  14:00  Pylon, Fleet Beacon  
  199  14:03  Stargate  
  199  14:04  Gravitic Boosters  
  199  14:05  Stargate  
  199  14:08  Stargate  
  199  14:09  Assimilator  
  199  14:13  Assimilator, Protoss Air Weapons Level 1 (Chrono Boost)  
  187  14:50  High Templar x3  
  187  14:51  High Templar  
  181  15:01  Gravitic Drive  
  181  15:04  Carrier (Chrono Boost)  
  181  15:05  Carrier x2 (Chrono Boost)  
  180  15:08  Carrier (Chrono Boost)  
  180  15:12  Photon Cannon  
  198  15:14  Photon Cannon  
  198  15:16  Photon Cannon  
  198  15:17  Pylon  
  198  15:19  Shield Battery  
  198  15:21  Shield Battery  
  198  15:22  Shield Battery  
  198  15:32  Observer  
  199  15:37  Pylon  
  199  15:53  Dark Shrine  
  199  15:55  Gateway  
  199  15:56  Gateway  
  199  15:59  Gateway  
  199  16:00  Gateway  
  199  16:05  Gateway  
  199  16:08  Gateway  
  199  16:13  Observer  
  199  16:15  Photon Cannon  
Show
View Real Time Build Order
Export as new Build Order

Scarlett Zerg 

Build Orders: Hatch First 

Get SALT Encoding   

  12  0:00  Drone  
  13  0:12  Overlord  
  13  0:16  Drone  
  14  0:30  Drone x2  
  16  0:43  Drone  
  17  0:52  Hatchery  
  17  0:54  Drone  
  17  0:58  Drone  
  18  1:08  Extractor  
  17  1:12  Spawning Pool  
  17  1:15  Drone  
  17  1:19  Drone  
  18  1:28  Drone  
  19  1:38  Drone  
  20  1:49  Drone  
  21  2:00  Zergling x2  
  22  2:03  Queen x2  
  22  2:04  Drone  
  27  2:12  Overlord  
  27  2:13  Metabolic Boost  
  27  2:17  Drone  
  28  2:30  Drone  
  28  2:31  Drone  
  30  2:38  Drone x2, Queen  
  34  2:48  Drone  
  34  2:50  Hatchery  
  34  2:55  Overlord  
  34  2:56  Drone  
  34  2:58  Drone  
  36  3:12  Queen  
  36  3:13  Drone x5  
  36  3:16  Overlord  
  43  3:23  Drone  
  44  3:28  Overlord  
  44  3:34  Queen  
  44  3:37  Drone x2  
  48  3:42  Extractor, Drone  
  48  3:43  Drone x2  
  50  3:48  Queen  
  50  3:49  Drone  
  50  3:51  Zergling x6  
  56  3:56  Zergling x2  
  57  4:04  Overlord  
  57  4:05  Zergling x4  
  59  4:17  Drone  
  59  4:18  Drone x5  
  59  4:20  Overlord  
  59  4:22  Queen x2  
  69  4:26  Roach Warren  
  69  4:27  Overlord  
  69  4:30  Overlord  
  68  4:37  Overlord  
  67  4:40  Drone x5  
  72  4:48  Drone x2  
  72  4:51  Overlord  
  72  4:52  Drone x3  
  77  4:54  Queen  
  77  4:58  Spore Crawler  
  78  5:00  Queen  
  77  5:10  Roach  
  77  5:11  Roach x4  
  86  5:16  Roach x2  
  86  5:18  Overlord  
  90  5:25  Zergling x4  
  92  5:31  Ravager x5  
  92  5:34  Queen  
  92  5:35  Spore Crawler x2  
  98  5:36  Overlord x2  
  98  5:38  Ravager  
  98  5:40  Zergling x8  
  101  5:44  Ravager  
  102  5:54  Overlord  
  102  5:55  Roach x2  
  102  5:56  Drone x4  
  109  6:12  Roach  
  109  6:13  Roach x3  
  110  6:20  Queen x3, Zergling x8  
  110  6:25  Extractor  
  119  6:32  Zergling x12, Roach  
  126  6:34  Ravager  
  125  6:44  Zergling x6  
  128  6:48  Ravager  
  128  6:50  Zergling x2  
  128  6:51  Zergling x2  
  128  6:56  Queen x2  
  128  6:58  Roach x3  
  120  7:11  Ravager x2  
  120  7:13  Zergling x10  
  120  7:14  Queen  
  117  7:23  Ravager  
  117  7:25  Hatchery  
  117  7:26  Drone x3  
  120  7:31  Queen  
  120  7:32  Queen  
  120  7:36  Roach x3  
  111  7:45  Zergling x10  
  111  7:50  Ravager x2  
  114  7:53  Queen  
  114  7:54  Drone x5  
  114  7:56  Extractor  
  117  8:01  Zergling x10  
  117  8:02  Ravager x2  
  124  8:07  Queen, Roach  
  128  8:15  Roach x2  
  128  8:17  Overlord  
  132  8:23  Evolution Chamber  
  125  8:41  Roach x11  
  125  8:46  Extractor  
  144  8:52  Drone x3  
  144  8:54  Zerg Missile Weapons Level 1  
  144  8:55  Drone x6, Extractor  
  145  9:10  Drone x7  
  152  9:18  Lair  
  152  9:23  Extractor  
  151  9:24  Extractor, Zergling x2  
  151  9:25  Zergling x2  
  151  9:26  Overlord  
  151  9:27  Overlord x5  
  150  9:44  Drone x2  
  150  9:45  Drone x7  
  158  9:52  Ravager x7  
  166  9:56  Drone x2, Spine Crawler, Spore Crawler  
  166  9:57  Drone  
  167  10:01  Roach  
  167  10:02  Roach x4  
  173  10:11  Drone  
  173  10:12  Spine Crawler  
  173  10:13  Drone  
  173  10:14  Drone x9  
  183  10:19  Glial Reconstitution  
  183  10:22  Infestation Pit  
  182  10:30  Overseer  
  182  10:31  Hatchery  
  182  10:34  Ravager x5  
  186  10:41  Roach x5  
  195  11:00  Ravager x5  
  188  11:19  Hive  
  178  11:37  Roach x14  
  192  11:46  Zergling x16, Overlord  
  198  11:55  Overlord  
  198  12:12  Roach  
  191  12:25  Spine Crawler  
  187  12:38  Viper x5  
  190  12:45  Roach  
  190  12:46  Roach x3  
  190  12:48  Spine Crawler  
  190  12:49  Spore Crawler  
  196  12:58  Roach x2  
  193  13:17  Roach  
  193  13:18  Roach x3  
  195  13:34  Extractor, Drone x3  
  195  13:35  Extractor, Drone x3  
  195  13:39  Adrenal Glands  
  195  13:41  Zerg Missile Weapons Level 2  
  199  13:42  Pneumatized Carapace  
  199  13:43  Evolution Chamber  
  199  13:44  Hydralisk Den  
  197  13:48  Hatchery  
  196  13:56  Drone x4  
  196  13:58  Spine Crawler x2  
  198  14:03  Overseer  
  198  14:13  Roach  
  194  14:27  Zerg Ground Armor Level 1  
  194  14:29  Hydralisk x3  
  200  14:31  Lurker Den  
  188  14:50  Hydralisk x6  
  163  15:02  Hydralisk x13  
  184  15:11  Spine Crawler  
  184  15:12  Spine Crawler  
  184  15:13  Extractor  
  181  15:14  Drone x3  
  181  15:19  Grooved Spines  
  184  15:25  Queen  
  186  15:31  Seismic Spines  
  186  15:32  Lurker x9  
  186  15:33  Overlord x2  
  195  15:39  Overseer x2  
  195  15:46  Spine Crawler  
  195  15:48  Spore Crawler  
  193  15:50  Spire, Overlord  
  193  15:53  Drone x8  
  200  16:25  Spine Crawler  
Tags
 
Add a new tag
Caveats
  • Supply blocks, unpowered buildings, or Contaminate may cause inaccurate times.
  • Supply counts are checked every 10 seconds.